 Dungeon Crawl Stone Soup version 0.31.0-32-g396128a36d (webtiles) character file.

Game seed: 13406824808321887249

101957 Tovical the Warrior (level 16, -2/114 HPs)
             Began as a Gargoyle Fighter on Mar 7, 2024.
             Was the Champion of Zin.
             Slain by a torpor snail (12 damage)
             ... on level 3 of the Spider Nest on Mar 8, 2024.
             The game lasted 01:46:21 (20490 turns).

Tovical the Warrior (Gargoyle Fighter)             Turns: 20490, Time: 01:46:22

Health: -2/114     AC: 40    Str: 27    XL:     16   Next: 31%
Magic:  34/34      EV:  6    Int: 10    God:    Zin [******]
Gold:   1451       SH: 16    Dex: 11    Spells: 22/22 levels left

rFire   + . .        c - +10 whip "Giantslayer" {heavy, MP+9}
rCold   + . .        s - +0 tower shield
rNeg    + . .        j - +1 plate armour
rPois   ∞            z - +1 helmet {SInv}
rElec   +            C - +2 cloak
rCorr   +            y - +0 pair of gloves
SInv    +            K - +3 pair of mountain boots {steadfast, rC+}
Will    +....        i - amulet of regeneration Stlth
                     p - ring of resist corrosion
HPRegen 1.19/turn    l - ring of Ruma {rF+ Dex+2}
MPRegen 0.24/turn

%: no passive effects
@: flying, slowed, studying Invocations, very slow
A: sickness immunity, AC +12, big wings, negative energy resistance 1,
electricity resistance, torment resistance 1, petrification resistance
a: Renounce Religion, Recite, Vitalisation, Imprison, Sanctuary, Donate Gold


You were on level 3 of the Spider Nest.
You worshipped Zin.
Zin was exalted by your worship.
You visited 4 branches of the dungeon, and saw 22 of its levels.

You collected 1996 gold pieces.
You spent 362 gold pieces at shops.
You donated 183 gold pieces to Zin.

Inventory:

Hand Weapons
 a - a +1 spectral eveningstar
 b - a +1 morningstar of holy wrath
 c - the +10 whip "Giantslayer" (weapon) {heavy, MP+9}
   (You found it on level 4 of the Dungeon)

   MP+9:      It affects your magic capacity (+9).
 u - the +8 lance "Wyrmbane" {slay drac, rPois rF+ rC+ AC+3}
   (You found it on level 2 of the Spider Nest)

   AC+3:      It affects your AC (+3).
   rF+:       It protects you from fire.
   rC+:       It protects you from cold.
   rPois:     It protects you from poison
Armour
 j - a +1 plate armour (worn)
 m - a +2 ring mail of fire resistance
 s - a +0 tower shield (worn)
 w - a +0 chain mail of cold resistance
 y - a +0 pair of gloves (worn)
 z - a +1 helmet of see invisible (worn)
 C - a +2 cloak (worn)
 K - the +3 pair of mountain boots (worn) {steadfast, rC+}
   (You found it on level 1 of the Spider Nest)

   Steadfast: It prevents involuntary movement, except for blinking,
   teleportation, or banishment.
   rC+:       It protects you from cold.
Jewellery
 i - an amulet of regeneration (around neck)
 l - the ring of Ruma (right hand) {rF+ Dex+2}
   (You bought it in a shop on level 2 of the Orcish Mines)

   [ring of protection from fire]

   Dex+2:     It affects your dexterity (+2).
   rF+:       It protects you from fire.
 p - a ring of resist corrosion (left hand)
Wands
 k - a wand of charming (4)
 t - a wand of digging (7)
 x - a wand of mindburst (25)
 B - a wand of roots (6)
Scrolls
 d - 2 scrolls of teleportation
 e - a scroll of summoning
 f - 2 scrolls of blinking
 r - 2 scrolls of poison
 A - 3 scrolls of brand weapon
 E - 3 scrolls of revelation
 G - 4 scrolls of fear
 J - 2 scrolls of fog
Potions
 g - a potion of haste
 h - a potion of ambrosia
 n - 5 potions of curing
 o - 2 potions of mutation
 q - a potion of magic
 v - 2 potions of enlightenment
 D - 2 potions of might
 F - 3 potions of cancellation
 H - a potion of brilliance {unknown}
 I - a potion of lignification {unknown}


   Skills:
 - Level 18.0 Fighting
 - Level 16.0 Maces & Flails
 - Level 12.0 Armour
 - Level 12.0 Shields
 + Level 3.8 Spellcasting
 + Level 6.8 Earth Magic
 - Level 12.0 Invocations


You had 22 spell levels left.
You didn't know any spells.
Your spell library contained the following spells:

 Spells                   Type           Power      Damage    Failure   Level
 Sandblast                Erth           30%        2d9       32%         1
 Passwall                 Erth           15%        N/A       69%         3
 Apportation              Tloc           2%         N/A       99%         1
 Freeze                   Ice            4%         1d3       99%         1
 Kiss of Death            Conj/Necr      4%         2d5       99%         1
 Necrotise                Necr           4%         1d4       99%         1
 Sting                    Conj/Alch      4%         1d3       99%         1
 Summon Small Mammal      Summ           4%         N/A       99%         1
 Ensorcelled Hibernation  Hex/Ice        2%         N/A       100%        2
 Static Discharge         Conj/Air       2%         3-4/arc   100%        2
 Call Canine Familiar     Summ           1%         N/A       100%        3
 Dazzling Flash           Conj/Hex       2%         N/A       100%        3
 Frozen Ramparts          Ice            2%         1d1       100%        3
 Hailstorm                Conj/Ice       1%         3d5       100%        3
 Summon Ice Beast         Ice/Summ       1%         N/A       100%        3
 Swiftness                Air            1%         N/A       100%        3
 Tukima's Dance           Hex            1%         N/A       100%        3
 Volatile Blastmotes      Fire/Tloc      2%         2d10      100%        3
 Airstrike                Air            0%         2d(1-17)  100%        4
 Passage of Golubria      Tloc           1%         N/A       100%        4
 Summon Blazeheart Golem  Fire/Summ      1%         N/A       100%        4
 Summon Lightning Spire   Summ/Air       1%         N/A       100%        4
 Vhi's Electric Charge    Tloc/Air       2%         N/A       100%        4
 Arcjolt                  Conj/Air       0%         1d10      100%        5
 Summon Mana Viper        Hex/Summ       1%         N/A       100%        5
 Yara's Violent Unravell  Hex/Alch       0%         3d3       100%        5
 Starburst                Conj/Fire      0%         6d3       100%        6
 Monstrous Menagerie      Summ           0%         N/A       100%        7
 Maxwell's Capacitive Co  Air            0%         ∞         100%        8


Dungeon Overview and Level Annotations

Branches:
Dungeon (12/15)            Temple (0/1) D:7            Lair (5/5) D:11
  Swamp (0/4) Lair:2       Spider (3/4) Lair:2        Slime (0/5) Lair:5
    Orc (2/2) D:9             Elf (0/3) Orc:2

Altars:
Elyvilon
Gozag
Hepliaklqana
Makhleb
Sif Muna
Trog
Xom
Yredelemnul
Zin
The Shining One

Shops:
D:3 (   Orc:1 =   Orc:2 ![!=

Portals:
Pandemonium: Orc:2

Annotations:
D:7 2 transporters, booth's ghost, novice DsGl
D:11 2 transporters, spaghetti's ghost, journeyman TeCK
Spider:1 2 transporters, exclusion: oklob plant, Vuykkinei's ghost, adept TrBe
Spider:2 exclusion: orb spider
Spider:3 Mara


Innate Abilities, Weirdness & Mutations

You are immune to sickness and miasma.
Your stone body is resilient. (AC +12)
You are immune to poison.
Your large and strong wings let you fly.
You resist negative energy. (rN+)
You are resistant to electric shocks. (rElec)
You are resistant to unholy torment.
You are immune to petrification.


Message History

You block the torpor snail's attack.
You thrash the culicivora!!
The culicivora is severely wounded.
The culicivora bites you! The culicivora bites you.
You block the moth of wrath's attack. The torpor snail bites you.
The culicivora bites you but does no damage.
The moth of wrath barely misses you. You block the torpor snail's attack.
You barely miss the culicivora.
The culicivora is severely wounded.
You block the culicivora's attack.
The culicivora bites you but does no damage.
You block the moth of wrath's attack. You block the culicivora's attack.
You block the torpor snail's attack.
You closely miss the culicivora.
The culicivora is severely wounded.
You block the culicivora's attack.
The culicivora bites you but does no damage.
You block the moth of wrath's attack. The torpor snail bites you!!
The culicivora closely misses you. You block the moth of wrath's attack.
You closely miss the culicivora.
The culicivora is severely wounded.
You block the culicivora's attack. The culicivora bites you.
The torpor snail bites you!
The moth of wrath bites you but does no damage.
The culicivora bites you but does no damage.
You block the torpor snail's attack. You block the moth of wrath's attack.
The culicivora attacks as it pursues you!
The culicivora bites you!!
* * * LOW HITPOINT WARNING * * *
You block the culicivora's attack. x2
The moth of wrath bites you but does no damage.
The torpor snail barely misses you. The culicivora bites you!
* * * LOW HITPOINT WARNING * * *
Blink to where?
Press: ? - help, Dir - move target
As you read the scroll of blinking, it crumbles to dust.
The torpor snail rages.
The culicivora bites you but does no damage.
You block the culicivora's attack. x2; The torpor snail bites you!
You die...

.........##......#
................##
...............##
..##..............#
........>.........##
##...............#
#....#.#..†........#
#.. ##.....y......#
# #.....s@....^#
##....w.....##
##.........#
#.........#
...............##
...(..........##
...#####.....## ..
#.....^# .......#


You could see a torpor snail (berserk), a moth of wrath and a culicivora
(berserk).

Vanquished Creatures
  Aizul (Spider:1)
  The ghost of DiddlyDoom the Severer, a journeyman MiBe of Trog (Spider:2)
  Louise (Spider:2)
  4 broodmothers
  A spark wasp (Spider:1)
  Snorg (Lair:5)
  2 entropy weavers
  A fire dragon (Lair:5)
  A hydra (Lair:5)
  A demonspawn (Orc:2)
  A centaur warrior (D:11)
  Erica (D:8)
  A radroach (Spider:1)
  A death scarab (Spider:1)
  2 boulder beetles
  6 orc high priests (Orc:2)
  3 demonic crawlers
  Urug (Lair:5)
  6 death yaks
  A skyshark (Lair:4)
  Nergalle (D:11)
  3 pharaoh ants
  4 orb spiders
  A lindwurm (Lair:5)
  7 steelbarb worms
  2 oklob plants
  8 orc sorcerers
  5 orc knights
  9 wolf spiders
  3 manticores (D:11)
  3 moths of wrath
  3 kobold blastminers (Orc:1)
  2 molten gargoyles (Lair:5)
  5 black mambas
  A gargoyle (D:11)
  4 torpor snails
  5 elephants (Lair:5)
  19 cane toads
  4 rime drakes
  2 kobold demonologists
  An unseen horror zombie (D:10)
  6 komodo dragons
  2 ice devils (D:11)
  2 red devils (Orc:2)
  Psyche (D:8)
  A troll (D:11)
  10 tarantellas
  8 dream sheep (Lair:5)
  2 tyrant leeches (Lair:2)
  8 blink frogs
  24 jumping spiders
  Sigmund (D:3)
  A wraith (D:9)
  A shadow (D:10)
  4 wyverns
  8 culicivoras
  A ynoxinul (Orc:2)
  70 yaks
  A neqoxec (Orc:2)
  Grum (D:8)
  38 redbacks
  6 basilisks
  5 steam dragons
  2 wargs (Orc:2)
  A chaos spawn (Orc:2)
  A swamp worm (Lair:2)
  12 water moccasins
  3 hell hounds (Lair:5)
  31 orc warriors
  An ice beast (D:6)
  3 black bears
  15 wolves
  3 ogres
  2 phantoms
  2 kobold brigands (D:11)
  2 gnoll sergeants
  4 scorpions
  13 bullfrogs
  7 wights
  31 killer bees
  A jelly (D:4)
  2 electric eels (Lair:5)
  6 howler monkeys
  5 lava snakes (Lair:5)
  8 centaur zombies (D:10)
  5 hounds
  4 bombardier beetles
  31 orc priests
  A gnoll bouda (D:6)
  3 iron imps (D:6)
  4 iguanas
  19 orc wizards
  A sleepcap (D:5)
  2 howler monkey zombies (D:10)
  Robin (D:3)
  15 gnolls
  5 adders
  A shadow imp (D:8)
  4 white imps
  86 orcs
  2 ball pythons (D:1)
  11 endoplasms
  15 goblins
  10 hobgoblins
  4 quokkas
  4 bats
  4 frilled lizards
  11 kobolds
  7 rats
735 creatures vanquished.

Vanquished Creatures (others)
  An angel (D:4)
  Maurice (D:11)
  A redback (Spider:2)
  A hell hound (Lair:5)
  An orc wizard (Orc:1)
  An orc (D:9)
  5 spectral weapons
11 creatures vanquished.

Grand Total: 746 creatures vanquished

Notes
Turn   | Place    | Note
-------+----------+-------------------------------------------
     0 | D:1      | Tovical the Gargoyle Fighter began the quest for the Orb.
     0 | D:1      | Reached XP level 1. HP: 14/14 MP: 1/1
   176 | D:1      | Reached XP level 2. HP: 12/19 MP: 2/2
   874 | D:2      | Reached XP level 3. HP: 24/24 MP: 3/3
   959 | D:2      | Reached skill level 4 in Fighting
  1588 | D:2      | Identified a scroll of acquirement
  1588 | D:2      | Acquired a manual of Invocations
  1660 | D:3      | Noticed Robin
  1668 | D:3      | Killed Robin
  1669 | D:3      | Reached XP level 4. HP: 30/30 MP: 4/4
  1744 | D:3      | Noticed Sigmund
  1778 | D:3      | Killed Sigmund
  1779 | D:3      | Reached skill level 5 in Fighting
  1779 | D:3      | Reached XP level 5. HP: 36/36 MP: 5/5
  1779 | D:3      | Reached XP level 6. HP: 41/41 MP: 6/6
  2108 | D:3      | Reached skill level 6 in Fighting
  2119 | D:3      | Found Nytsure's Weapon Emporium.
  2235 | D:3      | Reached skill level 5 in Maces & Flails
  2254 | D:3      | Found a hazy altar of Hepliaklqana.
  2730 | D:5      | Entered Level 5 of the Dungeon
  2751 | D:4      | Found a glowing silver altar of Zin.
  2754 | D:4      | Noticed an angel
  2758 | D:4      | Found a shimmering altar of Xom.
  2760 | D:4      | Became a worshipper of Zin the Law-Giver
  2760 | D:4      | Reached * piety under Zin
  3045 | D:4      | Identified the +10 whip "Giantslayer" {heavy, MP+9}
  3144 | D:4      | Reached skill level 1 in Invocations
  3144 | D:4      | Reached XP level 7. HP: 47/47 MP: 8/8
  3318 | D:4      | Killed an angel
  3560 | D:5      | Reached skill level 7 in Fighting
  3588 | D:5      | Reached XP level 8. HP: 53/53 MP: 11/11
  3593 | D:5      | Reached skill level 5 in Invocations
  3668 | D:5      | Reached ** piety under Zin
  3980 | D:6      | Reached skill level 8 in Fighting
  4036 | D:6      | Reached XP level 9. HP: 60/60 MP: 14/14
  4380 | D:6      | Found a white marble altar of Elyvilon.
  4604 | D:6      | Found a burning altar of Makhleb.
  4623 | D:6      | Reached skill level 9 in Fighting
  4669 | D:7      | Noticed a meliai
  4669 | D:7      | Noticed booth's ghost (novice DsGl)
  4670 | D:7      | Found a transporter.
  4672 | D:7      | Noticed a cyclops
  4674 | D:7      | Found a transporter.
  4803 | D:7      | Reached *** piety under Zin
  4881 | D:7      | Identified the +5 flail of Focus {freeze, *Corrode Int+5
                  | Stlth+}
  4941 | D:7      | Reached skill level 10 in Invocations
  4984 | D:7      | Reached XP level 10. HP: 68/68 MP: 17/17
  5160 | D:7      | Found a staircase to the Ecumenical Temple.
  5203 | D:7      | Reached skill level 10 in Fighting
  5422 | D:7      | Noticed a kobold demonologist
  5436 | D:7      | Killed a kobold demonologist
  5583 | D:8      | Noticed Erica
  5601 | D:8      | Killed Erica
  5663 | D:8      | Reached **** piety under Zin
  5749 | D:8      | Reached skill level 11 in Fighting
  5957 | D:8      | Identified the flux talisman of Nihilism {Slay+2}
  6033 | D:8      | Noticed Grum
  6078 | D:7      | Reached skill level 10 in Maces & Flails
  6208 | D:8      | Noticed Psyche
  6219 | D:8      | Killed Psyche
  6313 | D:8      | Killed Grum
  6801 | D:9      | Reached XP level 11. HP: 76/76 MP: 20/20
  6911 | D:9      | Found an opulent altar of Gozag.
  6959 | D:9      | Found a shimmering blue altar of Sif Muna.
  6968 | D:10     | Entered Level 10 of the Dungeon
  7234 | D:9      | Found a staircase to the Orcish Mines.
  7247 | D:9      | Reached ***** piety under Zin
  7402 | D:10     | Reached skill level 12 in Fighting
  7777 | D:10     | Found a basalt altar of Yredelemnul.
  7840 | D:10     | Reached skill level 13 in Fighting
  8270 | D:10     | Found a glowing golden altar of the Shining One.
  8364 | D:11     | Noticed Nergalle
  8375 | D:11     | Killed Nergalle
  8425 | D:11     | Noticed a tengu warrior
  8426 | D:11     | Noticed spaghetti's ghost (journeyman TeCK)
  8426 | D:11     | Noticed a two-headed ogre
  8427 | D:11     | Found a bloodstained altar of Trog.
  8428 | D:11     | Noticed a moth of wrath
  8434 | D:11     | Found a transporter.
  8442 | D:11     | Found a transporter.
  8489 | D:11     | Noticed a manticore
  8491 | D:11     | Noticed a death yak
  8504 | D:11     | Killed a death yak
  8508 | D:11     | Killed a manticore
  8534 | D:11     | Noticed a death yak
  8535 | D:11     | Found a staircase to the Lair.
  8542 | D:11     | Killed a death yak
  8543 | D:11     | Reached XP level 12. HP: 67/84 MP: 21/21
  8544 | D:11     | Noticed a death yak
  8544 | D:11     | Noticed a death yak
  8568 | D:11     | Noticed a death yak
  8579 | D:11     | Killed a death yak
  8580 | D:11     | Reached skill level 14 in Fighting
  8592 | D:11     | Killed a death yak
  8600 | D:11     | Killed a death yak
  8688 | D:11     | Noticed Maurice
  8693 | D:11     | Maurice stole a +3 flail
  8699 | D:11     | Noticed a centaur warrior
  8699 | D:11     | Killed Maurice
  8712 | D:11     | Killed a centaur warrior
  9072 | D:11     | Reached skill level 15 in Fighting
  9658 | Lair:1   | Entered Level 1 of the Lair of Beasts
  9659 | Lair:1   | Upgraded the game from 0.31.0-12-g77e489cdc1 to
                  | 0.31.0-32-g396128a36d
 10085 | Lair:1   | Reached XP level 13. HP: 92/92 MP: 22/22
 10860 | Lair:1   | Reached skill level 5 in Armour
 10860 | Lair:1   | Reached skill level 5 in Shields
 10955 | Lair:1   | Reached skill level 16 in Fighting
 11450 | Lair:2   | Found a hole to the Spider Nest.
 11743 | Lair:2   | Found a staircase to the Swamp.
 12018 | Lair:3   | Reached ****** piety under Zin
 13379 | Lair:4   | Gained mutation: Your large and strong wings let you fly.
                  | [Gargoyle growth]
 13379 | Lair:4   | Reached XP level 14. HP: 97/100 MP: 23/23
 13490 | Lair:4   | Reached skill level 17 in Fighting
 13491 | Lair:5   | Entered Level 5 of the Lair of Beasts
 13516 | Lair:4   | Identified the +5 demon whip of Jicw {venom, Int+2 Dex+3}
 13987 | Lair:5   | Noticed Urug
 14012 | Lair:5   | Killed Urug
 14269 | Lair:5   | Noticed Snorg
 14284 | Lair:5   | Killed Snorg
 14314 | Lair:5   | Found a staircase to the Slime Pits.
 14627 | Lair:5   | Found a large runed translucent door.
 14627 | Lair:5   | Found a large runed translucent door.
 15402 | Orc:1    | Entered Level 1 of the Orcish Mines
 15415 | Orc:2    | Entered Level 2 of the Orcish Mines
 15707 | Orc:1    | Found Mehair's Jewellery Shop.
 15938 | Orc:2    | Found a staircase to the Elven Halls.
 15983 | Orc:2    | Paralysed by an orc sorcerer for 3 turns
 16406 | Orc:2    | Found Taqal's Distillery.
 16412 | Orc:2    | Found Cenwadyi's Distillery.
 16700 | Orc:2    | Reached skill level 10 in Armour
 16700 | Orc:2    | Reached skill level 10 in Shields
 16734 | Orc:2    | Reached XP level 15. HP: 108/108 MP: 24/24
 16818 | Orc:2    | Reached skill level 18 in Fighting
 16850 | Orc:2    | Reached skill level 15 in Maces & Flails
 16922 | Orc:2    | Found Tiog's Jewellery Emporium.
 16922 | Orc:2    | Found Veekesoy's Antique Armour Shoppe.
 16923 | Orc:2    | Found a one-way gate leading to the halls of Pandemonium.
 16925 | Orc:2    | Bought the ring of Ruma {rF+ Dex+2} for 362 gold pieces
 17704 | Spider:1 | Entered Level 1 of the Spider Nest
 17916 | Spider:1 | Noticed a ghost moth
 17922 | Spider:1 | Noticed an emperor scorpion
 17923 | Spider:1 | Noticed a ghost moth
 17942 | Spider:1 | Noticed Vuykkinei's ghost (adept TrBe)
 17973 | Spider:1 | Found a transporter.
 17978 | Spider:1 | Found a transporter.
 18012 | Spider:1 | Found the +3 pair of mountain boots {steadfast, rC+}
 18293 | Spider:1 | Identified the serpent talisman of the Armoured One {*Slow
                  | +Blink rC+++ Int-5}
 18293 | Spider:1 | Noticed Aizul
 18303 | Spider:1 | Killed Aizul
 18344 | Spider:1 | Got Sif Muna's So You Want to Learn Hermeneutics
 19391 | Spider:2 | Reached skill level 1 in Earth Magic
 19458 | Spider:2 | Noticed Louise
 19470 | Spider:2 | Reached XP level 16. HP: 78/114 MP: 25/25
 19492 | Spider:2 | Killed Louise
 19547 | Spider:2 | Reached skill level 1 in Spellcasting
 19651 | Spider:2 | Reached skill level 5 in Earth Magic
 19875 | Spider:2 | Found a runed translucent gate.
 19876 | Spider:2 | Found a runed translucent gate.
 19876 | Spider:2 | Found a runed translucent gate.
 19878 | Spider:2 | Noticed DiddlyDoom's ghost (journeyman MiBe)
 19878 | Spider:2 | Found the +8 lance "Wyrmbane" {slay drac, rPois rF+ rC+
                  | AC+3}
 19909 | Spider:2 | Killed DiddlyDoom's ghost
 20232 | Spider:3 | Noticed Mara
 20490 | Spider:3 | Slain by a torpor snail

Illustrated notes

Levels and vault maps discovered:
D:1:      dpeg_arrival_rooms_a, layout_loops_cross, hangedman_feature_mirror,
          grunt_decor_arrowhead
D:2:      layout_loops_ring, kennysheep_boxes
D:3:      layout_basic, worldfamousw_hep_ancestral_shrine, serial_shops, shop,
          minivault_27, uniq_robin, uniq_sigmund
D:4:      layout_gridville, grunt_temple_overflow_order_and_chaos_1,
          minmay_mini_jars
D:5:      layout_rooms
D:6:      layout_basic, demons_altar, elyvilon_altar_1
D:7:      layout_loops_ring, minmay_temple_entry_glassed_door,
          gammafunk_ghost_arena, kennysheep_generic_room_8
D:8:      layout_basic, uniq_psyche, uniq_grum, uniq_erica
D:9:      layout_basic, nicolae_sif_muna_condensation,
          nicolae_gozag_seed_capital, hiddenorc1_lemuel
D:10:     layout_roguey, mainiacjoe_overflow_alcove_4,
          nicolae_yredelemnul_corpse_copse
D:11:     layout_long_grid, dpeg_lair_monsters, portal_ice_cave_demonic_guard,
          gammafunk_ghost_wrathful_warriors, uniq_nergalle, uniq_maurice
D:12:     layout_long_grid, nicolae_diode_intersection
Lair:1:   layout_cave_pods, nicolae_volcano_entry_hallway
Lair:2:   layout_hall_layers, minmay_swamp_entry_worms, spider_nest_entry_a,
          beast_lair_carwin_10
Lair:3:   layout_layer_cave
Lair:4:   layout_regular_city
Lair:5:   cheibrodos_lair_end_hotspot, layout_cave_pods, slime_entry_1,
          serial_bayou_lake_a, uniq_urug, uniq_snorg
Spider:1: layout_spider_delve, nzn_ghost_randoct, uniq_aizul
Spider:2: nicolae_spider_mines_3, ebering_ghost_rock_garden, nicolae_orb_island,
          uniq_louise
Spider:3: layout_chambers, hangedman_spider_tarantella_strand, uniq_mara
Orc:1:    layout_diamond_mine, minmay_shop_enchanted_jewellery,
          blackcustard_mines_bat_river
Orc:2:    pf_orc_diabolical, layout_caves

Skill      XL: |  1  2  3  4  5  6  7  8  9 10 11 12 13 14 15 16 |
---------------+-------------------------------------------------+-----
Fighting       | 4 5 6 7 8 9 11 13 15 16 17 18 | 18.0
Maces & Flails | 3 4 5 6 7 8 10 12 14 16 | 16.0
Invocations    | 1 4 7 10 12 | 12.0
Armour         | 7 10 12 | 12.0
Shields        | 7 10 12 | 12.0
Earth Magic    | 3 6 |  6.8
Spellcasting   | 3 |  3.8

Action                     |  1- 3 |  4- 6 |  7- 9 | 10-12 | 13-15 | 16-18 || total
---------------------------+-------+-------+-------+-------+-------+-------++-------
  Melee: Flail             |   112 |   116 |       |       |       |       ||   228
         Whip              |       |     2 |   206 |   606 |   472 |   161 ||  1447
         Eveningstar       |       |       |       |       |   670 |    38 ||   708
         Morningstar       |       |       |       |       |       |    21 ||    21
 Invoke: Recite            |       |       |     5 |    20 |    16 |     2 ||    43
         Vitalisation      |       |       |       |       |     7 |     1 ||     8
  Evoke: Wand              |       |       |       |       |     1 |     6 ||     7
    Use: Scroll            |     6 |     4 |     4 |     9 |     7 |     1 ||    31
         Potion            |     1 |       |       |     8 |     8 |       ||    17
   Stab: Invisible         |       |       |       |     4 |     4 |       ||     8
         Paralysed         |       |       |       |     4 |    10 |       ||    14
         Confused          |       |       |       |     1 |     3 |       ||     4
         Distracted        |       |       |       |       |     6 |     1 ||     7
 Armour: Scale mail        |    22 |       |       |       |       |       ||    22
         Plate armour      |    54 |   110 |   182 |   626 |   555 |   263 ||  1790
         Chain mail        |       |       |       |     7 |   214 |       ||   221
         Skin              |       |       |       |     1 |       |       ||     1
         Ring mail         |       |       |       |       |   236 |       ||   236
  Dodge: Dodged            |    41 |    23 |    48 |   150 |   338 |    65 ||   665
  Block: Buckler           |    17 |    18 |    32 |   105 |   273 |     3 ||   448
         Tower shield      |       |       |       |       |       |   219 ||   219
